Map: Chantier naval orbital

Players

Worming

  • Race: Zerg Zerg
  • League: Diamond

Viniar (ArT) - Winner!

  • Race: Zerg Zerg
  • League: Diamond

VOD

Have the link to the VOD?

Description

Time

  • Played on: Nov. 14, 2015, 5:32 a.m.
  • Length: 10:10
Show
View Real Time Build Order
Export as new Build Order

Worming Zerg 

Build Orders: Hatch First 

Get SALT Encoding   

  12  0:01  Drone  
  13  0:13  Overlord  
  13  0:18  Drone  
  14  0:31  Drone x2  
  16  0:38  Drone  
  17  0:51  Hatchery  
  17  0:55  Drone  
  17  1:00  Extractor  
  16  1:13  Spawning Pool  
  16  1:14  Drone  
  16  1:16  Drone  
  17  1:20  Drone  
  18  1:29  Drone  
  19  1:39  Overlord  
  19  2:00  Queen  
  19  2:01  Zergling x4  
  23  2:03  Queen  
  23  2:05  Metabolic Boost  
  25  2:09  Drone  
  25  2:12  Drone  
  27  2:22  Drone  
  28  2:23  Drone  
  28  2:29  Overlord  
  29  2:39  Baneling Nest, Drone  
  29  2:41  Drone  
  30  2:51  Drone  
  30  2:52  Drone  
  31  3:08  Drone x6  
  31  3:09  Drone  
  38  3:27  Overlord  
  38  3:32  Queen  
  38  3:33  Roach Warren  
  39  3:39  Baneling  
  39  3:41  Drone  
  40  3:42  Drone x2  
  40  3:44  Overlord  
  42  3:49  Extractor x2  
  42  3:51  Drone x2, Evolution Chamber  
  42  3:52  Drone  
  42  3:53  Evolution Chamber  
  42  3:54  Drone x3  
  42  3:55  Drone  
  45  4:01  Drone  
  46  4:12  Lair  
  46  4:16  Hatchery  
  45  4:23  Zerg Missile Weapons Level 1  
  45  4:27  Zerg Ground Armor Level 1  
  45  4:30  Drone  
  45  4:31  Drone x4  
  50  4:33  Overlord  
  50  4:35  Zergling x2  
  51  4:39  Roach  
  54  4:49  Hatchery, Roach x3  
  58  4:59  Roach x2  
  61  5:09  Extractor  
  60  5:19  Hatchery  
  60  5:20  Overlord x2  
  59  5:28  Glial Reconstitution  
  59  5:32  Overlord x2  
  59  5:34  Zergling x2  
  60  5:39  Roach  
  60  5:40  Roach x6  
  71  6:02  Drone  
  71  6:13  Overlord  
  71  6:16  Drone x8  
  79  6:18  Zerg Missile Weapons Level 2  
  79  6:22  Roach  
  79  6:23  Roach  
  83  6:29  Overlord  
  83  6:32  Roach x2  
  87  6:39  Queen  
  89  6:44  Overlord  
  89  6:47  Drone x2  
  89  6:48  Hydralisk Den  
  72  7:08  Drone  
  72  7:09  Drone x10  
  72  7:12  Extractor x2  
  72  7:13  Spore Crawler  
  72  7:14  Spore Crawler  
  71  7:15  Spore Crawler  
  71  7:17  Queen x2  
  74  7:27  Drone x3  
  74  7:28  Drone x3  
  80  7:37  Hydralisk  
  80  7:38  Hydralisk x3  
  88  7:44  Spore Crawler  
  85  8:08  Queen x2  
  85  8:12  Hydralisk x2  
  89  8:13  Roach x2  
  89  8:14  Spore Crawler  
  89  8:15  Overlord x3, Pneumatized Carapace  
  96  8:22  Muscular Augments  
  96  8:27  Evolution Chamber  
  95  8:40  Roach  
  97  8:42  Overlord x2  
  97  8:49  Queen, Spore Crawler  
  97  8:57  Queen  
  97  8:58  Extractor  
  96  9:18  Hydralisk  
  96  9:19  Roach, Hydralisk x4  
  96  9:20  Roach x3  
  106  9:31  Roach x4  
  104  9:37  Overlord  
Show
View Real Time Build Order
Export as new Build Order

Viniar Zerg - Winner!

Build Orders: Hatch First 

Get SALT Encoding   

  12  0:01  Drone  
  13  0:08  Drone  
  14  0:17  Overlord  
  14  0:25  Drone, Extractor  
  15  0:36  Drone  
  16  0:49  Hatchery  
  15  0:53  Drone  
  15  0:55  Drone  
  17  1:01  Drone  
  17  1:02  Extractor  
  18  1:13  Spawning Pool  
  17  1:19  Drone, Extractor  
  17  1:27  Drone x2  
  19  1:37  Overlord  
  19  1:53  Drone  
  20  2:00  Queen  
  20  2:01  Queen  
  22  2:04  Zergling x2  
  25  2:08  Drone  
  25  2:14  Drone x2  
  28  2:20  Overlord  
  28  2:22  Metabolic Boost  
  28  2:29  Drone  
  29  2:36  Queen  
  29  2:41  Drone x2  
  33  2:46  Baneling Nest  
  33  2:47  Zergling x2  
  33  2:48  Zergling x2  
  34  2:53  Overlord  
  34  2:56  Drone  
  35  3:11  Drone x6  
  40  3:21  Zergling x2  
  40  3:22  Zergling x6  
  40  3:25  Queen  
  46  3:38  Spine Crawler  
  46  3:39  Extractor  
  46  3:40  Extractor  
  46  3:41  Extractor  
  42  3:48  Drone  
  42  3:50  Drone  
  42  3:51  Baneling  
  42  3:52  Baneling  
  42  3:53  Baneling  
  44  3:57  Hatchery  
  43  4:03  Drone  
  43  4:04  Drone x4  
  48  4:13  Lair  
  48  4:20  Drone x3  
  51  4:24  Drone  
  52  4:31  Overlord x2  
  51  4:54  Drone x3  
  51  4:55  Drone  
  51  4:58  Zergling x4  
  51  4:59  Zergling x6  
  60  5:06  Drone  
  60  5:16  Extractor  
  60  5:18  Drone, Spire  
  60  5:21  Queen, Extractor  
  58  5:27  Zergling x2  
  58  5:28  Zergling x4  
  62  5:29  Drone x5  
  62  5:34  Drone x2  
  69  5:37  Evolution Chamber  
  69  5:38  Overlord  
  68  5:44  Drone x2  
  70  5:53  Drone x5  
  68  6:04  Spine Crawler  
  68  6:05  Spine Crawler  
  68  6:06  Spine Crawler  
  68  6:08  Zergling x12  
  71  6:16  Overlord x2  
  71  6:32  Mutalisk  
  71  6:33  Mutalisk x4  
  71  6:35  Mutalisk x2  
  71  6:36  Mutalisk  
  71  6:38  Mutalisk  
  89  6:41  Mutalisk  
  91  6:48  Mutalisk x2  
  91  6:51  Mutalisk  
  93  7:04  Drone x9  
  94  7:22  Zerg Missile Weapons Level 1  
  94  7:26  Roach Warren  
  94  7:28  Drone  
  94  7:29  Drone x4  
  98  7:30  Overlord x3  
  98  7:31  Overlord  
  88  8:14  Roach  
  88  8:15  Roach x11  
  88  8:18  Glial Reconstitution  
  112  8:26  Roach  
  118  8:27  Roach x2  
  118  8:31  Hatchery  
  117  8:39  Evolution Chamber  
  116  8:42  Roach x7  
  116  8:44  Overlord x3  
  116  8:45  Overlord  
  128  9:05  Roach x4  
  136  9:16  Roach  
  136  9:17  Roach x10  
  154  9:33  Ravager  
  154  9:34  Ravager x7  
  154  9:35  Overlord x2  
  154  9:36  Overlord x3  
  162  9:48  Extractor x2  
Tags
 
Add a new tag
Caveats
  • Supply blocks, unpowered buildings, or Contaminate may cause inaccurate times.
  • Supply counts are checked every 10 seconds.